 Dungeon Crawl Stone Soup version 0.29.1-2-gbd0b4ee654 (webtiles) character file.

Game seed: 4767206643031781684

2439 KittyFluff the Basher (level 9, 0/55 HPs)
             Began as a Gargoyle Berserker on Nov 27, 2022.
             Was an Elder of Trog.
             Slain by a wight
             ... wielding a +4 scimitar
              (1 damage)
             ... on level 7 of the Dungeon.
             The game lasted 00:30:40 (7006 turns).

KittyFluff the Basher (Gargoyle Berserker)          Turns: 7006, Time: 00:30:44

Health: 0/55       AC: 15    Str: 24    XL:     9   Next: 49%
Magic:  9/9        EV: 14    Int:  7    God:    Trog [****..]
Gold:   411        SH:  0    Dex: 19    Spells: 8/8 levels left

rFire   + . .      SeeInvis .   I - +3 whip "Qekuj" {venom, *Noise +Blink Stlth+}
rCold   . . .      Faith    +   (no shield)
rNeg    + . .      Spirit   .   c - +0 leather armour
rPois   ∞          Reflect  .   q - +0 helmet
rElec   +          Harm     .   (no cloak)
rCorr   .          Rampage  .   t - +1 pair of gloves
Will    .....                   j - +0 pair of boots
Stlth   ++++......              r - amulet of Fythetaa {Faith Fly rF+ Dex+2}
HPRegen 0.18/turn               A - +6 ring of dexterity
MPRegen 0.11/turn               (no ring)

@: on berserk cooldown, flying, slowed, very slow
A: sickness immunity, AC +6, negative energy resistance 1, electricity
resistance, torment resistance 1, petrification resistance
a: Renounce Religion, Evoke Blink, Berserk, Trog's Hand, Brothers in Arms


You were on level 7 of the Dungeon.
You worshipped Trog.
Trog was greatly pleased with you.
You visited 1 branch of the dungeon, and saw 7 of its levels.

You collected 411 gold pieces.

Inventory:

Hand Weapons
 a - a +0 mace
 k - a +0 sling
 v - the +1 mace "Soyzxuluk" {vorpal, Fly Int+2}
   (You took it off a gnoll on level 3 of the Dungeon)

   It inflicts extra damage upon your enemies.
   Int:       It affects your intelligence (+2).
   Fly:       It grants you flight.
 I - the +3 whip "Qekuj" (weapon) {venom, *Noise +Blink Stlth+}
   (You found it on level 6 of the Dungeon)

   It poisons the flesh of those it strikes.
   +Blink:    It lets you blink.
   *Noise:    It may make noises in combat.
   Stlth:     It makes you more stealthy.
 K - a +0 quarterstaff
Missiles
 d - 32 stones (quivered)
 z - 19 poisoned darts
 B - 2 boomerangs
 E - a throwing net
Armour
 c - a +0 leather armour (worn)
 j - a +0 pair of boots (worn)
 q - a +0 helmet (worn)
 t - a +1 pair of gloves (worn)
Magical Staves
 h - a staff of fire
Jewellery
 e - a ring of fire
 r - the amulet of Fythetaa (around neck) {Faith Fly rF+ Dex+2}
   (You found it on level 2 of the Dungeon)

   [amulet of faith]

   It allows you to gain divine favour quickly.
   Dex:       It affects your dexterity (+2).
   rF:        It protects you from fire.
   Fly:       It grants you flight.
 A - a +6 ring of dexterity (left hand)
 J - a ring of protection from fire
Wands
 D - a wand of paralysis (3)
Scrolls
 b - a scroll of butterflies {unknown}
 g - 4 scrolls of vulnerability {unknown}
 i - 3 scrolls of poison {unknown}
 l - 2 scrolls of magic mapping {unknown}
 m - a scroll of blinking {unknown}
 p - a scroll of enchant armour {unknown}
 x - a scroll of noise {unknown}
 y - 2 scrolls of teleportation {unknown}
 C - a scroll of silence {unknown}
 G - a scroll of enchant weapon {unknown}
Potions
 f - 3 potions of flight
 n - a potion of invisibility
 o - 3 potions of curing
 s - 4 potions of resistance
 u - 3 potions of heal wounds
 w - a potion of might
 F - a potion of haste
 H - a potion of ambrosia {unknown}


   Skills:
 + Level 6.0 Fighting
 + Level 8.0 Maces & Flails
 + Level 0.7 Throwing
 * Level 6.5 Armour
 + Level 4.4 Dodging
 + Level 4.3 Stealth
 * Level 1.7 Evocations


You had 8 spell levels left.
You didn't know any spells.
Your spell library was empty.

Dungeon Overview and Level Annotations

Branches:
Dungeon (7/15)             Temple (0/1) D:6

Altars:
Hepliaklqana
Makhleb
Qazlal
Ru
Yredelemnul

Shops:
D:1 (   D:2 :   D:3 :   D:7 [

Annotations:
D:2 Natasha
D:7 Joseph


Innate Abilities, Weirdness & Mutations

You are immune to sickness and miasma.
Your stone body is resilient. (AC +6)
You are immune to poison.
You resist negative energy. (rN+)
You are resistant to electric shocks. (rElec)
You are resistant to unholy torment.
You are immune to petrification.


Message History

The wight is lightly damaged.
The wight barely misses you. The wight completely misses you.
You hit the wight.
The wight is heavily damaged.
The wight hits you but does no damage. x2
You closely miss the wight.
The wight is heavily damaged.
The wight hits you but does no damage. x2
You closely miss the wight.
The wight is heavily damaged.
The wight barely misses you.
The wight hits you from afar with a +0 spear.
You barely miss the wight.
You hear a roar!
The wight is heavily damaged.
You hear a shout!
The wight hits you but does no damage. The wight barely misses you.
You completely miss the wight.
The wight is heavily damaged.
The wight misses you.
The wight hits you from afar with a +0 spear.
You hit the wight but do no damage.
The wight is heavily damaged.
The wight hits you but does no damage.
The wight hits you from afar with a +0 spear.
* * * LOW HITPOINT WARNING * * *
You barely miss the wight. The wight closely misses you.
The wight hits you but does no damage.
The wight hits you from afar with a +0 spear.
* * * LOW HITPOINT WARNING * * *
You hit the wight.
The wight is moderately damaged.
The wight barely misses you. The wight misses you. The wight barely misses you.
You barely miss the wight.
The wight is moderately damaged.
The wight hits you with a +4 scimitar!
* * * LOW HITPOINT WARNING * * *
The wight hits you but does no damage. x2
The wight hits you with a +4 scimitar.
You die...

# #≈.≈# #≈.≈# #≈. #.#
###≈.≈###≈.≈###≈. #....
≈≈≈≈.≈≈≈≈≈.≈≈≈≈≈. ###
#.#..#
................. ...
.. #..# ##.####.###...#
.## ..# ## #..# ##.#
#.# ##..###.#...# #..#
..####.###..#.#....:.#
#..#
#####........##)z###..#
#..# ......#....#...#@#
.z. ###..##....##..#z#
. #..#......#..#zz.z.#
#.##..##..##.####..#
##.#..## #..#..###.>#
#..#..####..#.......#
#..##..##..##.####.##
#...#......#..#
#...##....##).####<#


You could see 4 wights.

Vanquished Creatures
  Prince Ribbit (D:5)
  A steam dragon (D:7)
  The ghost of 0gre the Chiller, an amateur GnIE (D:3)
  2 water moccasins
  Duvessa (D:7)
  A black bear (D:4)
  3 ogres
  3 phantoms
  A kobold brigand (D:7)
  A gnoll sergeant (D:7)
  5 scorpions
  Dowan (D:7)
  2 electric eels (D:7)
  2 orc priests
  3 hounds
  Natasha (twice) (D:2)
  3 iguanas
  An orc wizard (D:4)
  11 gnolls
  6 adders
  A shadow imp (D:5)
  A worm (D:2)
  4 dart slugs
  11 orcs
  4 endoplasms
  3 giant cockroaches
  7 goblins
  5 hobgoblins
  4 jackals (D:2)
  12 kobolds
  3 quokkas
  5 ball pythons
  5 bats
  4 frilled lizards
  4 rats
124 creatures vanquished.

Vanquished Creatures (others)
  A rat (D:2)
1 creature vanquished.

Grand Total: 125 creatures vanquished

Notes
Turn   | Place    | Note
-------+----------+-------------------------------------------
     0 | D:1      | KittyFluff the Gargoyle Berserker began the quest for the
                  | Orb.
     0 | D:1      | Reached XP level 1. HP: 14/14 MP: 1/1
   314 | D:1      | Found Jileam's Antique Weapon Shoppe.
   391 | D:1      | Reached XP level 2. HP: 7/19 MP: 2/2
   758 | D:2      | Found Inirph's Book Shop.
   774 | D:2      | Reached XP level 3. HP: 23/23 MP: 3/3
  1090 | D:2      | Noticed Natasha
  1097 | D:2      | Killed Natasha
  1097 | D:2      | Reached ** piety under Trog
  1098 | D:2      | Reached XP level 4. HP: 29/29 MP: 4/4
  1111 | D:2      | Found a faded altar of an unknown god.
  1133 | D:2      | Identified the amulet of Fythetaa {Faith Fly rF+ Dex+2}
  1186 | D:2      | Reached skill level 1 in Stealth
  1263 | D:2      | Found a stormy altar of Qazlal.
  1264 | D:2      | Noticed Natasha
  1270 | D:2      | Killed Natasha
  1327 | D:2      | Noticed Natasha
  1610 | D:3      | Reached skill level 4 in Maces & Flails
  1676 | D:3      | Found a sacrificial altar of Ru.
  1708 | D:3      | Found a hazy altar of Hepliaklqana.
  1760 | D:3      | Found Xeogetwo's Vocational Training.
  1821 | D:3      | Reached XP level 5. HP: 26/33 MP: 5/5
  1833 | D:3      | Found a runed translucent gate.
  1833 | D:3      | Found a runed translucent gate.
  1834 | D:3      | Found a runed translucent gate.
  1869 | D:3      | Noticed 0gre's ghost (amateur GnIE)
  1935 | D:3      | Identified the +1 mace "Soyzxuluk" {vorpal, Fly Int+2}
  2538 | D:3      | Found a basalt altar of Yredelemnul.
  2622 | D:3      | Killed 0gre's ghost
  2623 | D:3      | Reached XP level 6. HP: 19/39 MP: 6/6
  2904 | D:4      | Noticed a black bear
  2916 | D:4      | Killed a black bear
  2917 | D:4      | Reached skill level 5 in Maces & Flails
  2918 | D:4      | Reached XP level 7. HP: 44/44 MP: 7/7
  4011 | D:4      | Reached skill level 5 in Fighting
  4011 | D:4      | Reached skill level 6 in Maces & Flails
  4323 | D:5      | Entered Level 5 of the Dungeon
  4325 | D:5      | Noticed Prince Ribbit
  4661 | D:5      | Reached XP level 8. HP: 49/49 MP: 8/8
  4775 | D:5      | Reached skill level 5 in Armour
  5113 | D:5      | Reached *** piety under Trog
  5325 | D:5      | Killed Prince Ribbit
  5326 | D:5      | Reached skill level 7 in Maces & Flails
  5630 | D:6      | Found a staircase to the Ecumenical Temple.
  5726 | D:6      | Found a burning altar of Makhleb.
  5739 | D:6      | Identified the +3 whip "Qekuj" {venom, *Noise +Blink
                  | Stlth+}
  5971 | D:6      | Reached XP level 9. HP: 49/55 MP: 9/9
  6295 | D:7      | Reached skill level 1 in Evocations
  6799 | D:7      | Noticed Joseph
  6940 | D:7      | Reached **** piety under Trog
  6952 | D:7      | Noticed Duvessa
  6953 | D:7      | Noticed Dowan
  6970 | D:7      | Killed Duvessa
  6971 | D:7      | Reached skill level 8 in Maces & Flails
  6990 | D:7      | Found Boesch's Armour Boutique.
  6990 | D:7      | Killed Dowan
  7006 | D:7      | HP: 1/55 [wight/+4 scimitar (12)]
  7006 | D:7      | Slain by a wight

Illustrated notes

Levels and vault maps discovered:
D:1:      minmay_arrival_glassed_features, layout_basic, serial_shops,
          nicolae_diamond_shop
D:2:      layout_basic, basic_altar, serial_shops, nicolae_shop_stone,
          shapermc_ecumenical_altar_mp_vishouse, kennysheep_nub, st_stairs_9,
          wander_ebering_terrifying_dragon_lair, uniq_natasha
D:3:      layout_loops_corners, mainiacjoe_overflow_large_starburst,
          yredelemnul_altar_generic, gammafunk_ghost_split,
          nicolae_shop_vocational
D:4:      layout_cave_pods
D:5:      layout_loops_ring, uniq_prince_ribbit1
D:6:      layout_basic, bloody_makhleb, minmay_temple_entry_statues_fountains
D:7:      layout_loops_ring, serial_shops, shop, hellmonk_ghost_happy_afterlife,
          amcnicky_mini_corridor_feature, minmay_misc_feat_iff,
          kennysheep_boxes, uniq_joseph, uniq_duvessa

Skill      XL: |  1  2  3  4  5  6  7  8  9 |
---------------+----------------------------+-----
Stealth        | 1 2 3 4 |  4.3
Armour         | 3 4 6 |  6.5
Fighting       | 4 5 6 |  6.0
Dodging        | 2 3 4 |  4.4
Maces & Flails | 4 5 6 7 8 |  8.0
Evocations     | 1 |  1.7
Throwing       | |  0.7

Action                   |  1- 3 |  4- 6 |  7- 9 || total
-------------------------+-------+-------+-------++-------
Melee: Mace              |    73 |   150 |   147 ||   370
       Punch             |     1 |     1 |    11 ||    13
       Whip              |       |       |   146 ||   146
Throw: Stone             |       |     1 |     9 ||    10
Invok: Berserk           |       |     2 |     6 ||     8
 Abil: Evoke Blink       |       |       |     1 ||     1
  Use: Scroll            |     3 |     2 |     4 ||     9
       Potion            |       |       |     1 ||     1
 Stab: Sleeping          |     1 |     2 |     5 ||     8
       Distracted        |       |       |     1 ||     1
Armor: Animal skin       |    32 |    16 |       ||    48
       Leather armour    |       |    53 |   119 ||   172
Dodge: Dodged            |    48 |    90 |   170 ||   308
